 Seeded DCSS version 0.27-a0-562-g0d39f094a4 (webtiles) character file.

Game seed: 16989952797484863983 (custom seed)

49 karrick the Chopper (level 3, 4/27 HPs)
             Began as a Demonspawn Gladiator on Mar 8, 2021.
             Quit the game on level 4 of the Dungeon.
             The game lasted 00:01:54 (868 turns).

karrick the Chopper (Demonspawn Gladiator)           Turns: 868, Time: 00:01:54

Health: 4/27       AC:  4    Str: 15    XL:     3   Next: 53%
Magic:  3/3        EV: 12    Int:  9    God:
Gold:   48         SH:  4    Dex: 14    Spells: 2/2 levels left

rFire    + . .     SeeInvis .   a - +0 war axe
rCold    + . .     Faith    .   (no shield)
rNeg     . . .     Spirit   .   b - +0 leather armour
rPois    .         Reflect  .   c - +0 helmet
rElec    .         Harm     .   (no cloak)
rCorr    .         Rampage  .   (no gloves)
Will     .....                  (no boots)
Stlth    +.........             (no amulet)
HPRegen  0.09/turn              g - ring of protection from fire
MPRegen  0.08/turn              (no ring)

@: lethally poisoned (4 -> -4)
A: hooves 1, cold resistance 1, condensation shield
a: no special abilities


You were on level 4 of the Dungeon.
You visited 1 branch of the dungeon, and saw 4 of its levels.

You collected 48 gold pieces.

Inventory:

Hand Weapons
 a - a +0 war axe (weapon)
Missiles
 d - 3 throwing nets (quivered)
Armour
 b - a +0 leather armour (worn)
 c - a +0 helmet (worn)
Jewellery
 g - a ring of protection from fire (left hand)
Scrolls
 e - a scroll of teleportation {unknown}
 i - a scroll of enchant armour {unknown}
Potions
 h - a potion of might {unknown}


   Skills:
 + Level 2.1 Fighting
 + Level 3.5 Axes
 + Level 1.9 Throwing
 + Level 0.3 Armour
 + Level 3.0 Dodging
 + Level 0.1 Stealth
 * Level 1.1 Invocations


You had 2 spell levels left.
You didn't know any spells.
Your spell library was empty.

Dungeon Overview and Level Annotations

Branches:
Dungeon (4/15)
 Temple: D:4-7

Altars:


Innate Abilities, Weirdness & Mutations

A meltable shield of frost defends you. (SH +4)
You have large cloven feet.
Your flesh is cold resistant. (rC+)


Message History

The worker ant closely misses you. The worker ant misses you.
You hit the worker ant.
The worker ant is heavily wounded.
You feel sick. You block the worker ant's attack.
Your leather armour prevents you from hitting the worker ant.
The worker ant is heavily wounded.
The worker ant closely misses you. You block the worker ant's attack.
You hit the worker ant but do no damage.
The worker ant is heavily wounded.
You feel sick. The worker ant bites you!
You are too injured to fight recklessly!
You are too injured to fight recklessly!
You are too injured to fight recklessly!
You are too injured to fight recklessly!
You are too injured to fight recklessly!
You are too injured to fight recklessly!
You are too injured to fight recklessly!
There are monsters nearby!
You closely miss the worker ant.
The worker ant is moderately wounded.
You block the worker ant's attack. The worker ant bites you.
* * * LOW HITPOINT WARNING * * *
You are lethally poisoned!
The worker ant poisons you!
You slash the worker ant!
You kill the worker ant!
* * * LOW HITPOINT WARNING * * *
You feel sick. The adder bites you but does no damage.
Your Dodging skill increases to level 3!
Your Invocations skill increases to level 1!
You have reached level 3!
Your experience leads to an increase in your attributes!
Increase (S)trength, (I)ntelligence, or (D)exterity?
You feel stronger.
It was a potion of mutation.
You feel extremely strange.
Your feet thicken and deform.
You feel resistant to cold.
* * * LOW HITPOINT WARNING * * *
You feel sick. The adder bites you but does no damage.
The adder barely misses you.
Are you sure you want to abandon this character and quit the game? (Confirm with "yes".)

. ... .....#######
#.ZS@...#
#######.###
#...###
#####...#########
#................
#..########..<####
.. ###..### ##....
#####


You could see an adder and a jackal skeleton.

Vanquished Creatures
  A worker ant (D:4)
  An adder (D:2)
  An ufetubus (D:3)
  A dart slug (D:1)
  A goblin (D:1)
  A hobgoblin (D:1)
  3 jackals (D:3)
  A bat (D:3)
  2 rats (D:1)
12 creatures vanquished.

Notes
Turn   | Place    | Note
-------+----------+-------------------------------------------
     0 | D:1      | karrick the Demonspawn Gladiator began the quest for the
                  | Orb.
     0 | D:1      | Reached XP level 1. HP: 16/16 MP: 1/1
   343 | D:2      | Gained mutation: A meltable shield of frost defends you.
                  | (SH +4) [demonic ancestry]
   343 | D:2      | Reached XP level 2. HP: 11/22 MP: 2/2
   867 | D:4      | Reached skill level 1 in Invocations
   867 | D:4      | Reached XP level 3. HP: 5/27 MP: 3/3
   867 | D:4      | Gained mutation: You have large cloven feet. [potion of
                  | mutation]
   867 | D:4      | Gained mutation: Your flesh is cold resistant. (rC+)
                  | [potion of mutation]
   868 | D:4      | Quit the game

Illustrated notes

Levels and vault maps discovered:
D:1:      nzn_arrival_depleted_hourglass, layout_basic, serial_forest,
          infiniplex_forest_straight_2, infiniplex_forest_lined_room_2,
          infiniplex_forest_clump_medium, infiniplex_forest_end_2,
          infiniplex_forest_diagonal, infiniplex_forest_end_double,
          infiniplex_forest_join, infiniplex_forest_corner_2, roderic_lattice_a,
          nemelex_diamond_rough_becter
D:2:      layout_basic, chequers_ecumenical_altar_simple_redux, minivault_19,
          uniq_natasha, uniq_jessica, uniq_robin
D:3:      layout_loops_ring
D:4:      layout_rooms, uniq_eustachio

Skill      XL: |  1  2 |
---------------+-------+-----
Axes           | 3 |  3.5
Dodging        | 3 |  3.0
Invocations    | 1 |  1.1
Fighting       | |  2.1
Throwing       | |  1.9
Armour         | |  0.3
Stealth        | |  0.1

Action                   || total
-------------------------++-------
Melee: War axe           ||    35
  Use: Potion            ||     1
 Stab: Sleeping          ||     1
Armor: Leather armour    ||    13
Dodge: Dodged            ||    31
Block: Other             ||     5

Table legend: (Time is in decaauts)
 A = Elapsed time spent in this place.
 B = Non-inter-level travel time spent in this place.
 C = Inter-level travel time spent in this place.
 D = Time resting spent in this place.
 E = Time spent auto-exploring this place.
 F = Levels seen in this place.
 G = Mean time per level.
                   A        B        C        D        E       F      G
               +--------+--------+--------+--------+--------+-----+--------+
         Total |    878 |    878 |      0 |    282 |    426 |   4 |  219.5 |
       Dungeon |    878 |    878 |      0 |    282 |    426 |   4 |  219.5 |
               +--------+--------+--------+--------+--------+-----+--------+

Top non-repeatable levels by time:
     D:3: 347 daAuts
     D:1: 329 daAuts
     D:2: 169 daAuts
     D:4: 32 daAuts
